 Dungeon Crawl Stone Soup version 0.17-a0-1373-g64d4c99 (webtiles) character file.

72 Kidiri the Sneak (level 4, 0/24 HPs)
             Began as a Kobold Enchanter on June 13, 2015.
             Succumbed to an adder's poison
             ... on level 2 of the Dungeon.
             The game lasted 00:14:27 (2517 turns).

Kidiri the Sneak (Kobold Enchanter)                 Turns: 2517, Time: 00:14:28

Health: 0/24       AC:  3    Str:  6    XL:     4   Next: 48%
Magic:  0/7        EV: 16    Int: 14    God:
Gold:   54         SH:  0    Dex: 16    Spells: 3 memorised, 2 levels left

rFire  . . .     SeeInvis .     a - +1 dagger
rCold  . . .     Clarity  .     b - +1 robe
rNeg   . . .     SustAt   .     (shield restricted)
rPois  .         Gourm    .     (no helmet)
rElec  .         Spirit   .     (no cloak)
rCorr  +         Warding  .     (no gloves)
rMut   .         Stasis   .     (no boots)
MR     .....                    f - amulet of resist corrosion
Stlth  +++.......               (no ring)
                                (no ring)

@: lethally poisoned (0 -> -4), very slightly contaminated, hasted, very quick,
not resistant to hostile enchantments, fairly stealthy
A: carnivore 3
a: no special abilities


You were on level 2 of the Dungeon.
You were very full.

You visited 1 branch of the dungeon, and saw 2 of its levels.

You collected 54 gold pieces.

Inventory:

Hand weapons
 a - a +1 dagger (weapon)
Armour
 b - a +1 robe (worn)
Jewellery
 f - an amulet of resist corrosion (around neck)
Scrolls
 h - a scroll of remove curse
Books
 c - a book of Maledictions

   Spells                             Type                      Level
   a - Corona                         Hexes                        1
   b - Ensorcelled Hibernation        Hexes/Ice                    2
   c - Confuse                        Hexes                        3
   d - Tukima's Dance                 Hexes                        3
   e - Dazzling Spray                 Conjuration/Hexes            3
Comestibles
 d - 3 meat rations
 g - a beef jerky


   Skills:
 + Level 2.2 Short Blades
 * Level 3.1 Dodging
 * Level 4.9 Stealth
 * Level 2.6 Spellcasting
 + Level 3.1 Hexes
 + Level 1.1 Ice Magic


You had 2 spell levels left.
You knew the following spells:

 Your Spells              Type           Power        Failure   Level  Hunger
a - Corona                Hex            ##.....      10%         1    #......
b - Ensorcelled Hibernat  Hex/Ice        #.....       17%         2    ###....
c - Confuse               Hex            ##......     21%         3    ###....


Dungeon Overview and Level Annotations

Branches:
Dungeon (2/15)

Altars:


Innate Abilities, Weirdness & Mutations

You are small and have problems with some larger weapons.
You are carnivorous and can eat meat at any time.


Message History

* * * LOW HITPOINT WARNING * * *
You closely miss the adder.
The adder is severely wounded.
* * * LOW HITPOINT WARNING * * *
You feel sick.
You closely miss the adder.
The adder is severely wounded.
The adder closely misses you.
You hit the adder.
You kill the adder!
Casting: Corona
Confirm with . or Enter, or press ? or * to list all spells.
Aiming: Ensorcelled Hibernation
Press: ? - help, Shift-Dir - straight line, f - quokka
Aim: a quokka (chance to defeat MR: 56%)
The quokka looks drowsy...
The helpless quokka fails to defend itself.
You impale the quokka!!
You kill the quokka!
You die...

#.# #.# #.# ... ####.# #.#
#....# #.# #.##.# #.#
###.##.# #.# #...##.# #.#
#)####@########.####### #.#
#..##............. #.#
#..##.####.####### #.#
#.....# #.#
######.#####.#### #.#
#......##....# ####.#
#..####.##.##.# #....#####
#......#.....#.....##.....#
#......#.....#.... #####.#


There were no monsters in sight!

Vanquished Creatures
  4 adders (D:2)
  4 worms (D:2)
  A giant gecko (D:2)
  A giant cockroach (D:1)
  3 goblins (D:1)
  A hobgoblin (D:2)
  5 kobolds
  A quokka (D:2)
  5 bats
  2 giant newts
  3 rats
30 creatures vanquished.

Notes
Turn   | Place    | Note
--------------------------------------------------------------
     0 | D:1      | Kidiri the Kobold Enchanter began the quest for the Orb.
     0 | D:1      | Reached XP level 1. HP: 10/10 MP: 3/3
   543 | D:1      | Reached XP level 2. HP: 15/15 MP: 5/5
   547 | D:1      | Learned a level 2 spell: Ensorcelled Hibernation
  1631 | D:2      | Reached XP level 3. HP: 19/19 MP: 1/6
  1636 | D:2      | Learned a level 3 spell: Confuse
  2219 | D:2      | Reached skill level 1 in Ice Magic
  2219 | D:2      | Reached XP level 4. HP: 21/24 MP: 0/7
  2513 | D:2      | HP: 1/24 [poisoned by an adder]
  2517 | D:2      | Succumbed to an adder's poison

Vault maps used:
D:1:      sevenhm_arrival_forest_fort_large_4
D:2:      nicolae_overflow_hidden_temple, nicolae_ashenzari_panopticon

Action                   |  1- 3 |  4- 6 || total
-------------------------+-------+-------++-------
Melee: Dagger            |    66 |    22 ||    88
 Cast: Corona            |     2 |     1 ||     3
       Ensorcelled Hiber |    15 |     5 ||    20
  Use: Scroll            |     6 |       ||     6
       Potion            |       |     1 ||     1
 Stab: Sleeping          |    13 |     5 ||    18
  Eat: Chunk             |    12 |     1 ||    13
